 Dungeon Crawl Stone Soup version 0.31.0-11-ge490571c62 (webtiles) character file.

Game seed: 9695163813530487455

25 qw the Shooter (level 2, -1/16 HPs)
             Began as a Deep Elf Hunter on Feb 3, 2024.
             Succumbed to their own poison gas
             ... on level 1 of the Dungeon.
             The game lasted 00:00:01 (652 turns).

qw the Shooter (Deep Elf Hunter)                     Turns: 652, Time: 00:00:02

Health: -1/16      AC:  3    Str:  8    XL:     2   Next: 82%
Magic:  4/4        EV: 12    Int: 13    God:
Gold:   26         SH:  0    Dex: 18    Spells: 1/1 levels left

rFire   . . .        a - +0 shortbow
rCold   . . .        (shield currently unavailable)
rNeg    . . .        c - +0 leather armour
rPois   .            (no helmet)
rElec   .            (no cloak)
rCorr   .            (no gloves)
SInv    .            (no boots)
Will    .....        (no amulet)
Stlth   ++           (no ring)
HPRegen 0.22/turn    (no ring)
MPRegen 0.09/turn

%: no passive effects
@: lethally poisoned (-1 -> -9)
A: no striking features
a: no special abilities


You were on level 1 of the Dungeon.
You visited 1 branch of the dungeon, and saw 1 of its levels.

You collected 26 gold pieces.


   Skills:
 - Level 1.5 Fighting
 + Level 6.5 Ranged Weapons
 - Level 2.4 Dodging
 - Level 1.2 Stealth


You had one spell level left.
You didn't know any spells.
Your spell library was empty.

Inventory:

Hand Weapons
 a - a +0 shortbow (weapon)
Armour
 c - a +0 leather armour (worn)

Dungeon Overview and Level Annotations

Branches:
Dungeon (1/15)

Altars:


Message History

It is a scroll of identify.
644 ||| IDENTIFYING scroll labelled UTHEEKL JAYL
d - a scroll of silence Done exploring.
645 ||| READING scroll of identify.
645 ||| IDENTIFYING scroll labelled UNUMPOMEAV
As you read the scroll of identify, it crumbles to dust.
e - a scroll of amnesia Done exploring.
646 ||| READING scroll labelled QAWNATEMNA.
The air fills with toxic fumes!
As you read the scroll labelled QAWNATEMNA, it crumbles to dust.
It was a scroll of poison.
Done exploring.
647 ||| DROPPING scroll of silence.
You drop a scroll of silence.
Done exploring.
648 ||| DROPPING scroll of amnesia.
You drop a scroll of amnesia.
Done exploring.
What level of the Dungeon? (default 1, ? - help) Sorry, I don't know how to get there.
Enter note:
Enter note:
Enter note:
Enter note:
Enter note:
Enter note:
Enter note:
Enter note:
Enter note: You are engulfed in poison gas.
You are lethally poisoned!
You feel very sick.
650 ||| Stepping ~*~*~tactically~*~*~ (cloud).
You feel very sick.
Things that are here:
a scroll of amnesia; a scroll of silence
There is a lethal amount of poison in your body!
You feel sick.
There is a lethal amount of poison in your body!
You die...

##.#
#..............########.#
#..#
#...............%.....#?#
#.##
#...).##.#####.##.......#
#.#
##...###.......##.###.###
#.# ##..# #######)##.#
#.# #.# #..# #.##.# #.#
#.# #..#########¤##.# #.#
#.# #...##¤¤¤¤¤¤¤##.#
#.### #.#
#.#.##@#####.##.###....
#.###### #.#.##¤#
#.#...###### #......#
#####¤0# ####### #
####.### ## #¤¤# #..###P#
##¤# ##..#8## #¤# ##
###.#.## ### #8## ##
####.#.## ##.## #8#
#(.)###.## ##.#.## ##.


There were no monsters in sight!

Vanquished Creatures
  A dart slug (D:1)
  4 ball pythons (D:1)
  3 bats (D:1)
  2 endoplasms (D:1)
  3 goblins (D:1)
  2 kobolds (D:1)
  3 quokkas (D:1)
  A frilled lizard (D:1)
  A rat (D:1)
20 creatures vanquished.

Notes
Turn   | Place    | Note
-------+----------+-------------------------------------------
     0 | D:1      | qw the Deep Elf Hunter began the quest for the Orb.
     0 | D:1      | Reached XP level 1. HP: 12/12 MP: 3/3
     0 | D:1      | 0 ||| qw: Version: 0.3-a-155-g5e7d8dd
     0 | D:1      | 0 ||| qw: Game counter: 3503
     0 | D:1      | 0 ||| qw: Melee chars always use a shield: true
     0 | D:1      | 0 ||| qw: God list: Okawaru
     0 | D:1      | 0 ||| qw: Allow faded altars: false
     0 | D:1      | 0 ||| qw: Do Orc after clearing Dungeon:15 true
     0 | D:1      | 0 ||| qw: Do second Lair branch before Depths: true
     0 | D:1      | 0 ||| qw: Lair rune preference: random
     0 | D:1      | 0 ||| qw: Goals: Normal
     0 | D:1      | 0 ||| PLANNING D:1-11
   146 | D:1      | 146 ||| DROPPING scroll of butterflies.
   157 | D:1      | Reached XP level 2. HP: 16/16 MP: 4/4
   183 | D:1      | Reached skill level 6 in Ranged Weapons
   644 | D:1      | 644 ||| READING 2 scrolls labelled ITEM QOGEMORR.
   644 | D:1      | 644 ||| IDENTIFYING scroll labelled UTHEEKL JAYL
   645 | D:1      | 645 ||| READING scroll of identify.
   645 | D:1      | 645 ||| IDENTIFYING scroll labelled UNUMPOMEAV
   646 | D:1      | 646 ||| READING scroll labelled QAWNATEMNA.
   647 | D:1      | 647 ||| DROPPING scroll of silence.
   648 | D:1      | 648 ||| DROPPING scroll of amnesia.
   650 | D:1      | 650 ||| Stepping ~*~*~tactically~*~*~ (cloud).
   650 | D:1      | HP: 2/16 [poisoned by you (poison gas)]
   652 | D:1      | Succumbed to their own poison gas

Levels and vault maps discovered:
D:1:      nagdon_arrival_zigzag_paths, layout_loops_ring, serial_glass,
          glass_columns_b, glass_columns_a

Skill      XL: |  1  2 |
---------------+-------+-----
Ranged Weapons | 6 |  6.5
Fighting       | |  1.5
Dodging        | |  2.4
Stealth        | |  1.2

Action                     || total
---------------------------++-------
   Fire: Shortbow          ||    43
    Use: Scroll            ||     3
 Armour: Leather armour    ||     8
  Dodge: Dodged            ||     4

Table legend:
 A = Non-vault XP
 B = Vault XP
 C = Vault XP percentage of total XP
 D = Non-vault monster count
 E = Vault monster count
 F = Vault count percentage of total count
                 A         B        C        D         E       F
            +---------+---------+-------+---------+---------+-------
      Total |      36 |       0 |   0.0 |      20 |       0 |   0.0
            +---------+---------+-------+---------+---------+-------
        D:1 |      36 |       0 |   0.0 |      20 |       0 |   0.0
            +---------+---------+-------+---------+---------+-------
